 Dungeon Crawl Stone Soup version 0.27.1-33-g824d729ab1 (webtiles) character file.

Game seed: 9463795249050957502

1199 Kinoniko the Cleaver (level 8, -1/87 HPs)
             Began as a Demonspawn Berserker on Dec 14, 2021.
             Was an Elder of Trog.
             Slain by Edmund (6 damage)
             ... on level 5 of the Dungeon.
             The game lasted 00:06:01 (5845 turns).

Kinoniko the Cleaver (Demonspawn Berserker)         Turns: 5845, Time: 00:06:02

Health: -1/87      AC: 24    Str: 17 (19) XL:     8   Next: 20%
Magic:  8/8        EV:  2    Int:  5 (7)  God:    Trog [****..]
Gold:   162        SH:  3    Dex: 13      Spells: 7/7 levels left

rFire    . . .     SeeInvis .   a - +0 hand axe
rCold    . . .     Faith    .   h - +0 buckler
rNeg     + + +     Spirit   .   (armour currently unavailable)
rPois    +         Reflect  .   (helmet currently unavailable)
rElec    .         Harm     .   (cloak currently unavailable)
rCorr    .         Rampage  .   (gloves currently unavailable)
Will     .....     NoTele   +   (boots currently unavailable)
Stlth    +.........             (no amulet)
HPRegen  0.24/turn              (no ring)
MPRegen  0.22/turn              (no ring)

@: tree-form, on berserk cooldown, slowed, studying Axes, very slow
A: stationary, stasis, torment immunity, boosted hp, (horns 1), repulsion field
1, demonic guardian 1, magic regeneration, dopey 1
a: Renounce Religion, Berserk, Trog's Hand, Brothers in Arms


You were on level 5 of the Dungeon.
You worshipped Trog.
Trog was greatly pleased with you.
You were a tree.
You visited 1 branch of the dungeon, and saw 5 of its levels.

You collected 162 gold pieces.

Inventory:

Hand Weapons
 a - a +0 hand axe (weapon)
Armour
 b - a +0 animal skin
 e - a +0 chain mail
 h - a +0 buckler (worn)
 r - a +1 scale mail of fire resistance (melded)
 u - a +1 cloak (melded)
Jewellery
 k - a ring of ice
Wands
 f - a wand of flame (12)
 l - a wand of polymorph (7)
 o - a wand of iceblast (4)
 v - a wand of mindburst (14)
Scrolls
 d - 5 scrolls of teleportation
 i - a scroll of immolation
Potions
 c - 2 potions of berserk rage
 m - 2 potions of flight


   Skills:
 - Level 3.0 Fighting
 * Level 10.0 Axes
 - Level 1.7 Armour
 - Level 1.7 Dodging


You had 7 spell levels left.
You didn't know any spells.
Your spell library was empty.

Dungeon Overview and Level Annotations

Branches:
Dungeon (5/15)
 Temple: D:4-7

Altars:
Ashenzari
Cheibriados
Elyvilon
Gozag
Hepliaklqana
Ru
Vehumet
Zin
The Shining One

Shops:
D:3 *

Annotations:
D:5 Edmund


Innate Abilities, Weirdness & Mutations

You are a tree.
Your roots penetrate the ground, keeping you stationary.
You cannot be teleported.
You are immune to unholy pain and torment.
Your maximum health is greatly increased.
Your equipment is partially melded.
((You have a pair of small horns on your head.))
You are surrounded by a mild repulsion field. (EV +2)
A weak demonic guardian rushes to your aid.
You regenerate magic rapidly.
You are dopey. (Int -2)


Message History

* * * LOW HITPOINT WARNING * * *
Unknown command.
It was a potion of lignification.
You turn into a tree.
Your +1 cloak melds into your body.
Your +1 scale mail of fire resistance melds into your body.
You feel less resistant to fire.
Your roots penetrate the ground.
Your shadow imp gestures at Edmund.
Edmund struggles to resist.
Edmund hits your shadow imp with a +1 dire flail of protection.
Your shadow imp hits Edmund but does no damage.
You hit Edmund but do no damage.
Edmund is severely wounded.
You block Edmund's attack.
Your shadow imp hits Edmund but does no damage.
Edmund barely misses your shadow imp.
Unknown command.
You catch the helpless Edmund completely off-guard!
You hit Edmund but do no damage.
Edmund is severely wounded.
Your shadow imp hits Edmund but does no damage.
Edmund hits your shadow imp with a +1 dire flail of protection.
Unknown command.
You hit Edmund.
Edmund is severely wounded.
Your shadow imp completely misses Edmund.
Edmund hits you with a +1 dire flail of protection.
* * * LOW HITPOINT WARNING * * *
A demonic guardian appears!
Unknown command.
You hit Edmund but do no damage.
Edmund is severely wounded.
Your shadow imp hits Edmund but does no damage.
Edmund hits you but does no damage.
Your shadow imp hits Edmund but does no damage.
Unknown command.
Unknown command.
You barely miss Edmund.
Edmund is severely wounded.
Edmund hits you with a +1 dire flail of protection.
You die...

.........##
#...............####.
..........####.............##
##.
..........##..............##
##..
..........#..............##
##...
.....)...........##.....##
##....
.....)........##.#####.##
#..... ............####.##
### ##.....
..........###.....###
##...... ........###
#...♣5..# #....... ......###
#..@5.....!# #....... ....###
#.............# ##......
..####. ..............#
#...... ........
............... ##.....
........ ...............
#..... ........
............... #.....
........ ...............
##.... ...#.### ##...


You could see Edmund (ally target), a friendly white imp (summoned) and a
friendly shadow imp (summoned).

Vanquished Creatures
  Eustachio (D:5)
  Duvessa (D:5)
  A black bear (D:5)
  A necrophage (D:4)
  The ghost of Cykl0x the Ruffian, an amateur GrTm (D:3)
  A kobold brigand (D:3)
  2 scorpions
  Dowan (D:5)
  A centaur skeleton (D:4)
  An orc priest (D:4)
  An iguana (D:4)
  Natasha (thrice) (D:2)
  2 hound skeletons (D:4)
  6 adders
  A white imp (D:5)
  An ufetubus (D:4)
  2 adder skeletons (D:4)
  2 worms
  2 dart slugs
  11 orcs
  8 bats
  9 endoplasms
  3 giant cockroaches
  16 goblins
  8 hobgoblins
  4 jackals (D:4)
  16 kobolds
  3 quokkas
  7 ball pythons
  3 frilled lizards
  4 rats
123 creatures vanquished.

Vanquished Creatures (collateral kills)
  An ogre (D:5)
  Robin (D:2)
  An orc (D:5)
3 creatures vanquished.

Grand Total: 126 creatures vanquished

Notes
Turn   | Place    | Note
-------+----------+-------------------------------------------
     0 | D:1      | Kinoniko the Demonspawn Berserker began the quest for the
                  | Orb.
     0 | D:1      | Reached XP level 1. HP: 18/18 MP: 1/1
    27 | D:1      | Reached skill level 3 in Axes
   307 | D:1      | Gained mutation: You are surrounded by a mild repulsion
                  | field. (EV +2) [demonic ancestry]
   307 | D:1      | Reached XP level 2. HP: 24/24 MP: 2/2
   997 | D:1      | Gained mutation: A weak demonic guardian rushes to your
                  | aid. [demonic ancestry]
   997 | D:1      | Reached XP level 3. HP: 25/29 MP: 3/3
  1231 | D:2      | Noticed Natasha
  1239 | D:2      | Killed Natasha
  1239 | D:2      | Reached ** piety under Trog
  1240 | D:2      | Reached skill level 4 in Axes
  1388 | D:2      | Gained mutation: You have a pair of small horns on your
                  | head. [demonic ancestry]
  1388 | D:2      | Reached XP level 4. HP: 29/35 MP: 4/4
  1723 | D:2      | Noticed Natasha
  1731 | D:2      | Killed Natasha
  1867 | D:2      | Reached skill level 5 in Axes
  1870 | D:2      | Noticed Robin
  1907 | D:2      | Killed Robin
  2032 | D:2      | Reached XP level 5. HP: 32/41 MP: 5/5
  2130 | D:2      | Noticed Natasha
  2139 | D:2      | Killed Natasha
  2469 | D:3      | Found an opulent altar of Gozag.
  2474 | D:3      | Found a snail-covered altar of Cheibriados.
  2476 | D:3      | Found a radiant altar of Vehumet.
  2478 | D:3      | Found a sacrificial altar of Ru.
  2530 | D:3      | Found Zin's Purification Station.
  2538 | D:3      | Found a faded altar of an unknown god.
  2752 | D:3      | Found a runed translucent gate.
  2752 | D:3      | Found a runed translucent gate.
  2752 | D:3      | Found a runed translucent gate.
  2753 | D:3      | Noticed Cykl0x's ghost (amateur GrTm)
  3113 | D:3      | Killed Cykl0x's ghost
  3114 | D:3      | Reached skill level 6 in Axes
  3114 | D:3      | Reached XP level 6. HP: 47/47 MP: 6/6
  3122 | D:3      | Reached *** piety under Trog
  3469 | D:4      | Reached skill level 7 in Axes
  3546 | D:4      | Reached XP level 7. HP: 52/52 MP: 7/7
  3958 | D:4      | Found a broken altar of Ashenzari.
  4000 | D:4      | Found a hazy altar of Hepliaklqana.
  4328 | D:5      | Entered Level 5 of the Dungeon
  4328 | D:5      | Noticed Eustachio
  4349 | D:5      | Killed Eustachio
  4350 | D:5      | Reached skill level 8 in Axes
  4679 | D:5      | Reached **** piety under Trog
  4742 | D:5      | Identified the +11 dagger of Eferosk {vorpal, Will+ Dex+2}
  5139 | D:5      | Noticed Duvessa
  5139 | D:5      | Noticed Dowan
  5231 | D:4      | Identified a scroll of acquirement
  5231 | D:4      | Acquired a manual of Axes
  5251 | D:5      | Killed Duvessa
  5252 | D:5      | Reached skill level 9 in Axes
  5252 | D:5      | Gained mutation: You regenerate magic rapidly. [demonic
                  | ancestry]
  5252 | D:5      | Reached XP level 8. HP: 58/58 MP: 8/8
  5272 | D:5      | Gained mutation: You are dopey. (Int -2) [potion of
                  | mutation]
  5283 | D:5      | Killed Dowan
  5685 | D:5      | Reached skill level 10 in Axes
  5804 | D:5      | Noticed Edmund
  5843 | D:5      | HP: 4/87 [Edmund (6)]
  5845 | D:5      | Slain by Edmund

Illustrated notes

Levels and vault maps discovered:
D:1:      wander_arrival_desolate, layout_basic
D:2:      layout_rooms, dk_noncrumbling_2, uniq_natasha, uniq_robin
D:3:      layout_basic, zin_purify, grunt_temple_overflow_open,
          gammafunk_ghost_nasty_kobolds, hellmonk_ecumenical_altar_run_dry,
          kennysheep_generic_room_7
D:4:      layout_cave_pods, chequers_temple_overflow_statue_of_worship,
          minmay_cupped
D:5:      layout_cave_pods, kennysheep_generic_room_11, uniq_eustachio,
          uniq_edmund, uniq_duvessa

Skill      XL: |  1  2  3  4  5  6  7  8 |
---------------+-------------------------+-----
Axes           | 3 4 5 6 7 9 10 | 10.0
Fighting       | |  3.0
Armour         | |  1.7
Dodging        | |  1.7

Action                   |  1- 3 |  4- 6 |  7- 9 || total
-------------------------+-------+-------+-------++-------
Melee: Hand axe          |    76 |   183 |   155 ||   414
       Headbutt          |       |    19 |    26 ||    45
Invok: Berserk           |     1 |     5 |     4 ||    10
  Use: Potion            |       |     2 |     7 ||     9
       Scroll            |       |     1 |    10 ||    11
 Stab: Distracted        |       |       |     1 ||     1
Armor: Chain mail        |    39 |    56 |       ||    95
       Animal skin       |     3 |       |       ||     3
       Scale mail        |       |    33 |    43 ||    76
       Skin              |       |       |     1 ||     1
Dodge: Dodged            |    32 |   102 |    87 ||   221
Block: Buckler           |       |       |     4 ||     4
